 Dungeon Crawl Stone Soup version 0.28.0-47-ge53b351184 (webtiles) character file.

Game seed: 14026834815643255938

38 enile the Vexing (level 3, -1/24 HPs)
             Began as a Vampire Enchanter on May 1, 2022.
             Was an Initiate of Ashenzari.
             Slain by an adder (2 damage)
             ... on level 2 of the Dungeon.
             The game lasted 00:02:53 (1148 turns).

enile the Vexing (Vampire Enchanter)                Turns: 1148, Time: 00:02:54

Health: -1/24      AC:  2    Str:  6 (7)  XL:     3   Next: 25%
Magic:  1/6        EV: 12    Int: 18 (19) God:    Ashenzari [......]
Gold:   117        SH:  0    Dex: 13 (14) Spells: 4/6 levels left

rFire   . . .      SeeInvis +   f - +0 short sword
rCold   . . .      Faith    .   (no shield)
rNeg    . . .      Spirit   .   b - +0 robe
rPois   .          Reflect  .   (no helmet)
rElec   .          Harm     .   (no cloak)
rCorr   .          Rampage  .   (no gloves)
Will    .....                   (no boots)
Stlth   +++.......              (no amulet)
HPRegen 0.28/turn               (no ring)
MPRegen 0.10/turn               (no ring)

@: mighty, lethally poisoned (-1 -> -5), healing quickly
A: alive, fangs 3, see invisible, vampiric 2
a: Exsanguinate, Renounce Religion, Curse Item


You were on level 2 of the Dungeon.
You worshipped Ashenzari.
Ashenzari was noncommittal.
You visited 1 branch of the dungeon, and saw 2 of its levels.

You collected 117 gold pieces.

Inventory:

Hand Weapons
 a - a +1 dagger
 f - a +0 short sword (weapon)
Armour
 b - a +0 robe (worn)
Scrolls
 c - 3 scrolls of teleportation
 h - a scroll of enchant weapon
 i - a scroll of fear {unknown}
Potions
 e - a potion of degeneration
 j - 2 potions of mutation {unknown}


   Skills:
 + Level 2.0 Short Blades
 - Level 2.1 Dodging
 - Level 4.4 Stealth
 - Level 2.0 Spellcasting
 - Level 6.0 Hexes


You had 4 spell levels left.
You knew the following spells:

 Your Spells              Type           Power      Damage    Failure   Level
a - Ensorcelled Hibernat  Hex/Ice        24%        N/A       8%          2

Your spell library contained the following spells:

 Spells                   Type           Power      Damage    Failure   Level
 Confusing Touch          Hex            23%        N/A       4%          3
 Tukima's Dance           Hex            23%        N/A       4%          3
 Dazzling Flash           Conj/Hex       24%        N/A       16%         3


Dungeon Overview and Level Annotations

Branches:
Dungeon (2/15)

Altars:
Ashenzari
Sif Muna


Innate Abilities, Weirdness & Mutations

Your natural rate of healing is accelerated.
You have razor-sharp teeth.
You have supernaturally acute eyesight. (SInv)
You are afflicted with vampirism and can become a bat while bloodless.


Message History

You closely miss the adder. You bite the adder.
The adder is moderately wounded.
The adder bites you. x2
You barely miss the adder.
The adder is moderately wounded.
The adder bites you.
You are poisoned.
The adder poisons you!
As you read the scroll labelled GAADWA CAMN, it crumbles to dust.
You feel strangely unstable.
It was a scroll of teleportation.
You feel sick. The adder closely misses you.
You feel sick. The adder completely misses you.
You feel sick.
Your surroundings seem slightly different.
A dart slug comes into view.
Found 26 stones.
You feel sick.
Okay, then.
As you read the scroll labelled PUNUCZUDAQ, it crumbles to dust.
It is a scroll of identify.
h - a scroll of enchant weapon You feel sick.
You are no longer poisoned.
The adder bites you.
* * * LOW HITPOINT WARNING * * *
The adder closely misses you.
It was a potion of might.
You feel very mighty all of a sudden. The adder closely misses you.
You barely miss the adder.
The adder is moderately wounded.
The adder bites you.
* * * LOW HITPOINT WARNING * * *
You are lethally poisoned!
The adder poisons you!
It was a potion of degeneration.
There was something very wrong with that liquid.
You feel weakened.
You feel dopey.
You feel clumsy.
* * * LOW HITPOINT WARNING * * *
You feel sick. The adder bites you.
You die...

..w. . .... ..## #... ....
# #..###..###.. #
#........)... #.# .#
#...(........ #.# #####.#
#............ #.#
#.....#.###.@###....... #.#
#...#........S........$ #.#
#...##.#.##........)...
#.###......#.##..###..###..
........##...##.._........
......#..........#........
###...#.##....#..#.........
# ##.......##....#....##...
#.......##.#............


You could see an adder and a dart slug.

Vanquished Creatures
  3 ball pythons (D:1)
  2 bats
  4 endoplasms
  2 giant cockroaches
  2 goblins (D:1)
  7 hobgoblins
  2 kobolds
  3 quokkas (D:1)
  2 frilled lizards
  4 rats
31 creatures vanquished.

Notes
Turn   | Place    | Note
-------+----------+-------------------------------------------
     0 | D:1      | enile the Vampire Enchanter began the quest for the Orb.
     0 | D:1      | Reached XP level 1. HP: 13/13 MP: 3/3
    57 | D:1      | Reached skill level 5 in Hexes
   330 | D:1      | Reached XP level 2. HP: 15/19 MP: 5/5
   398 | D:1      | Learned a level 2 spell: Ensorcelled Hibernation
   635 | D:1      | Reached skill level 6 in Hexes
   820 | D:2      | Gained mutation: You are afflicted with vampirism and can
                  | become a bat while bloodless. [Vampire growth]
   820 | D:2      | Reached XP level 3. HP: 13/24 MP: 1/6
   843 | D:2      | Found a shimmering blue altar of Sif Muna.
  1102 | D:2      | Found a faded altar of an unknown god.
  1124 | D:2      | Prayed at the altar of an unknown god.
  1124 | D:2      | Became a worshipper of Ashenzari the Shackled
  1148 | D:2      | HP: 1/24 [poisoned by an adder]
  1148 | D:2      | Slain by an adder

Illustrated notes

Levels and vault maps discovered:
D:1:      ncdulo_halloftheorcs, layout_rooms, kennysheep_decorative_pillar
D:2:      layout_basic, hellmonk_ecumenical_altar_lost_god, basic_altar,
          minivault_27, minmay_joined_circles

Skill      XL: |  1  2  3 |
---------------+----------+-----
Hexes          | 5 6 |  6.0
Short Blades   | 2 |  2.0
Dodging        | |  2.1
Stealth        | |  4.4
Spellcasting   | |  2.0

Action                   || total
-------------------------++-------
Melee: Dagger            ||    27
       Bite              ||     8
       Short sword       ||    73
       Punch             ||     1
 Cast: Ensorcelled Hiber ||    10
 Abil: Exsanguinate      ||     1
  Use: Potion            ||     3
       Scroll            ||     2
 Stab: Sleeping          ||    12
Armor: Robe              ||    18
Dodge: Dodged            ||    77
